 Dungeon Sprint DCSS version 0.23-a0-26-g9187234747 (webtiles) character file.

445222 GordonOverkill the Conqueror (level 18, 145/145 HPs)
             Began as a Gargoyle Monk on Aug 3, 2018.
             Was the Champion of the Shining One.
             Escaped with the Orb!
             The game lasted 00:21:15 (4244 turns).

GordonOverkill the Conqueror (Gargoyle Monk)        Turns: 4244, Time: 00:21:16

Health: 145/145    AC: 58    Str: 21    XL:     18   Next: 64%
Magic:  24/24      EV: 11    Int:  6    God:    the Shining One [******]
Gold:   0          SH: 32    Dex: 12    Spells: 15/17 levels left

rFire    + + +     SeeInvis .   a - +5 broad axe (freeze)
rCold    + + .     Gourm    .   b - +18 shield of the Gong {rElec rN+ MR+ EV-5}
rNeg     + + +     Faith    .   C - +12 gold dragon scales
rPois    ∞         Spirit   +   N - +2 hat of the Bear Spirit {Spirit, +Rage rN+ MR++}
rElec    +         Reflect  .   I - +2 cloak {MR+}
rCorr    .         Harm     .   y - +0 pair of gloves of Zupeu {rC+ rN+ Slay+3} (curse)
MR       +++++     Rnd*Rage +   M - +2 pair of boots {Stlth+} Stlth ..........NoTele +
                                D - necklace of Bloodlust {*Rage +Rage MR++ Int-3 Slay+6 *Curse} (curse)
HPRegen  0.34/turn              E - ring of Gep Jis {rF+ Slay+3}
MPRegen  0.19/turn              J - ring of Qec Dai {rPois rF+ MR+ Int-4 Slay+3}

@: glowing, studying 3 skills
A: big wings, hooves 1, clever 1, deformed body, low mp 1, negative energy
resistance 1, electricity resistance, inhibited regeneration, weak 1,
unbreathing, petrification resistance, rot immunity, AC +13
0: Orb of Zot
a: Fly, Divine Shield, Cleansing Flame, Summon Divine Warrior, Brand Weapon With
Holy Wrath, Renounce Religion, Evoke Berserk Rage


You escaped.
You worshipped the Shining One.
The Shining One was exalted by your worship.
You were not hungry.

You visited 1 branch

Inventory:

Hand Weapons
 a - a +5 broad axe of freezing (weapon)
Missiles
 G - a throwing net (quivered)
Armour
 b - the +18 shield of the Gong (worn) {rElec rN+ MR+ EV-5}
   (You found it in the Dungeon)

   It affects your evasion (-5).
   It insulates you from electricity.
   It protects you from negative energy.
   It affects your resistance to hostile enchantments.
 y - the cursed +0 pair of gloves of Zupeu (worn) {rC+ rN+ Slay+3}
   (You found it in the Dungeon)

   It affects your accuracy and damage with ranged weapons and melee attacks
   (+3).
   It protects you from cold.
   It protects you from negative energy.
   It has a curse placed upon it.
 C - +12 gold dragon scales (worn)
 I - a +2 cloak of magic resistance (worn)
 L - a +2 pair of gloves of dexterity
 M - a +2 pair of boots of stealth (worn)
 N - the +2 hat of the Bear Spirit (worn) {Spirit, +Rage rN+ MR++}
   (You found it in the Dungeon)

   It protects you from negative energy.
   It affects your resistance to hostile enchantments.
   It lets you go berserk.
Jewellery
 h - a +1 ring of protection
 x - a +4 ring of intelligence
 z - a +6 ring of intelligence
 A - an uncursed ring of protection from magic
 D - the cursed necklace of Bloodlust (around neck) {*Rage +Rage MR++ Int-3 Slay+6 *Curse}
   (You found it in the Dungeon)

   [amulet of rage]

   It affects your intelligence (-3).
   It affects your accuracy and damage with ranged weapons and melee attacks
   (+6).
   It affects your resistance to hostile enchantments.
   It lets you go berserk.
   It may make you go berserk in combat.
   It curses itself when equipped.
   It has a curse placed upon it.
 E - the ring of Gep Jis (left hand) {rF+ Slay+3}
   (You found it in the Dungeon)

   [ring of protection from fire]

   It affects your accuracy and damage with ranged weapons and melee attacks
   (+3).
   It protects you from fire.
 J - the ring of Qec Dai (right hand) {rPois rF+ MR+ Int-4 Slay+3}
   (You found it in the Dungeon)

   [ring of poison resistance]

   It affects your intelligence (-4).
   It affects your accuracy and damage with ranged weapons and melee attacks
   (+3).
   It protects you from fire.
   It protects you from poison.
   It affects your resistance to hostile enchantments.
 K - a ring of the Octopus King {rF+ AC+1 EV+1 Str+1 Int+1 Dex+1}
   (You found it in the Dungeon)

   [ring of protection from fire]

   It affects your AC (+1).
   It affects your evasion (+1).
   It affects your strength (+1).
   It affects your intelligence (+1).
   It affects your dexterity (+1).
   It protects you from fire.
 O - the amulet of the Four Winds {rN+ MR+++ Clar}
   (You found it in the Dungeon)

   [amulet of nothing]

   It protects you from negative energy.
   It affects your resistance to hostile enchantments.
   It protects you against confusion.
 Q - an uncursed ring of fire
 U - the ring of Shadows {Umbra +Inv Stlth+}
   (You found it in the Dungeon)

   [ring of stealth]

   It lets you turn invisible.
   It makes you more stealthy.
Wands
 l - a wand of disintegration (7)
 u - a wand of iceblast (7)
 v - a wand of acid (7)
 F - a wand of flame (29)
Scrolls
 i - 4 scrolls of blinking
 o - 4 scrolls of amnesia
 p - 7 scrolls of fog
 q - 3 scrolls of holy word
 r - 4 scrolls of identify
 s - 5 scrolls of remove curse
 t - 2 scrolls of fear
 B - 5 scrolls of brand weapon
 P - 4 scrolls of enchant weapon
 S - 4 scrolls of enchant armour
Potions
 d - 10 potions of curing
 e - 11 potions of heal wounds
 f - 11 potions of haste
 g - 7 potions of magic
 j - 2 potions of brilliance
 k - 4 potions of resistance
 m - 9 potions of agility
 n - 6 potions of might
Books
 w - a manual of Fire Magic
 H - a manual of Transmutations
 R - a manual of Necromancy
Comestibles
 c - 7 rations
 T - 3 chunks of flesh


   Skills:
 O Level 27 Fighting
 + Level 22.6 Axes
 O Level 27 Armour
 O Level 27 Dodging
 - Level 2.1 Stealth
 - Level 15.5 Shields
 - Level 12.5 Invocations


You had 15 spell levels left.
You knew the following spells:

 Your Spells              Type           Power        Failure   Level  Hunger
a - Blink                 Tloc           N/A          100%        2    ###....

Your spell library contained the following spells:

 Spells                   Type           Power        Failure   Level  Hunger
 Cause Fear               Hex            #.........   100%        4    #####..
 Magic Dart               Conj           #...         99%         1    ##.....
 Fireball                 Conj/Fire      #.........   100%        5    ######.
 Apportation              Tloc           #.....       99%         1    ##.....
 Conjure Flame            Conj/Fire      #.......     100%        3    ####...
 Bolt of Fire             Conj/Fire      #.........   100%        6    #######
 Lightning Bolt           Conj/Air       #.........   100%        5    ######.
 Bolt of Magma            Conj/Fire/Erth #.........   100%        5    ######.
 Slow                     Hex            #.......     100%        2    ###....
 Confuse                  Hex            #.......     100%        3    ####...
 Throw Flame              Conj/Fire      #.....       100%        2    ###....
 Controlled Blink         Tloc           N/A          100%        8    #######
 Freezing Cloud           Conj/Ice/Air   #.........   100%        6    #######
 Mephitic Cloud           Conj/Pois/Air  #.......     100%        3    ####...
 Ring of Flames           Chrm/Fire      #.........   100%        7    #######
 Venom Bolt               Conj/Pois      #.........   100%        5    ######.
 Olgreb's Toxic Radiance  Pois           #.......     100%        4    #####..
 Death's Door             Chrm/Necr      #.........   100%        8    #######
 Summon Small Mammal      Summ           #...         99%         1    ##.....
 Bolt of Draining         Conj/Necr      #.........   100%        5    ######.
 Lehudib's Crystal Spear  Conj/Erth      #.........   100%        8    #######
 Fire Storm               Conj/Fire      #.........   100%        9    #######
 Iskenderun's Mystic Bla  Conj           #.......     100%        4    #####..
 Summon Horrible Things   Summ           #.........   100%        8    #######
 Animate Dead             Necr           N/A          100%        4    #####..
 Pain                     Necr           #...         99%         1    ##.....
 Animate Skeleton         Necr           N/A          99%         1    ##.....
 Vampiric Draining        Necr           #.........   100%        3    ####...
 Haunt                    Necr/Summ      #.........   100%        7    #######
 Borgnjor's Revivificati  Necr           #.........   100%        8    #######
 Sticky Flame             Conj/Fire      #.......     100%        4    #####..
 Summon Ice Beast         Ice/Summ       #.......     100%        4    #####..
 Ozocubu's Armour         Chrm/Ice       #.......     100%        3    ####...
 Call Imp                 Summ           #.......     100%        2    ###....
 Dispel Undead            Necr           #.......     100%        5    ######.
 Poison Arrow             Conj/Pois      #.........   100%        6    #######
 Regeneration             Chrm/Necr      #.........   100%        3    ####...
 Sting                    Conj/Pois      #...         99%         1    ##.....
 Sublimation of Blood     Necr           #.........   100%        2    ###....
 Tukima's Dance           Hex            #.......     100%        3    ####...
 Summon Demon             Summ           #.........   100%        5    ######.
 Summon Greater Demon     Summ           #.........   100%        7    #######
 Corpse Rot               Necr           N/A          100%        2    ###....
 Iron Shot                Conj/Erth      #.........   100%        6    #######
 Stone Arrow              Conj/Erth      #.....       100%        3    ####...
 Shock                    Conj/Air       #...         99%         1    ##.....
 Swiftness                Chrm/Air       #.......     100%        2    ###....
 Recall                   Summ/Tloc      N/A          100%        3    ####...
 Agony                    Necr           #.......     100%        5    ######.
 Spider Form              Tmut/Pois      #.........   100%        3    ####...
 Blade Hands              Tmut           #.........   100%        5    ######.
 Statue Form              Tmut/Erth      #........    100%        6    #######
 Ice Form                 Ice/Tmut       #.......     100%        4    #####..
 Dragon Form              Tmut           #.........   100%        7    #######
 Necromutation            Tmut/Necr      #.........   100%        8    #######
 Death Channel            Necr           #.........   100%        6    #######
 Deflect Missiles         Chrm/Air       #.........   100%        6    #######
 Glaciate                 Conj/Ice       #.........   100%        9    #######
 Airstrike                Air            #.........   100%        4    #####..
 Shadow Creatures         Summ           N/A          100%        6    #######
 Confusing Touch          Hex            #.....       99%         1    ##.....
 Flame Tongue             Conj/Fire      #....        99%         1    ##.....
 Passwall                 Tmut/Erth      #.......     100%        2    ###....
 Ignite Poison            Fire/Tmut/Pois #.......     100%        3    ####...
 Sticks to Snakes         Tmut           #.......     100%        2    ###....
 Call Canine Familiar     Summ           #.......     100%        3    ####...
 Ensorcelled Hibernation  Hex/Ice        #.....       100%        2    ###....
 Metabolic Englaciation   Hex/Ice        #.........   100%        5    ######.
 Summon Butterflies       Summ           #.......     99%         1    ##.....
 Silence                  Hex/Air        #.........   100%        5    ######.
 Shatter                  Erth           #.........   100%        9    #######
 Dispersal                Tloc           #.........   100%        6    #######
 Static Discharge         Conj/Air       #.......     100%        3    ####...
 Corona                   Hex            #......      99%         1    ##.....
 Alistair's Intoxication  Tmut/Pois      #.......     100%        5    ######.
 Lee's Rapid Deconstruct  Erth           #.........   100%        5    ######.
 Sandblast                Erth           #.....       99%         1    ##.....
 Simulacrum               Ice/Necr       #.........   100%        6    #######
 Conjure Ball Lightning   Conj/Air       #.........   100%        6    #######
 Chain Lightning          Conj/Air       #.........   100%        8    #######
 Excruciating Wounds      Chrm/Necr      #.........   100%        5    ######.
 Portal Projectile        Hex/Tloc       #.....       100%        3    ####...
 Monstrous Menagerie      Summ           #.........   100%        7    #######
 Petrify                  Tmut/Erth      #.......     100%        4    #####..
 Orb of Destruction       Conj           #.........   100%        7    #######
 Malign Gateway           Summ/Tloc      #.........   100%        7    #######
 Tornado                  Air            #.........   100%        9    #######
 Leda's Liquefaction      Hex/Erth       #.........   100%        4    #####..
 Summon Hydra             Summ           #.........   100%        7    #######
 Darkness                 Hex            #.........   100%        6    #######
 Inner Flame              Hex/Fire       #.......     100%        3    ####...
 Aura of Abjuration       Summ           #.........   100%        5    ######.
 Beastly Appendage        Tmut           #.....       99%         1    ##.....
 Disjunction              Tloc           #.........   100%        8    #######
 Iskenderun's Battlesphe  Conj/Chrm      #.......     100%        5    ######.
 Fulminant Prism          Conj/Hex       #.........   100%        4    #####..
 Dazzling Spray           Conj/Hex       #.....       100%        3    ####...
 Force Lance              Conj/Tloc      #.......     100%        4    #####..
 Infusion                 Chrm           #...         99%         1    ##.....
 Spectral Weapon          Hex/Chrm       #.......     100%        3    ####...
 Searing Ray              Conj           #.....       100%        2    ###....
 Summon Forest            Summ/Tloc      #.........   100%        5    ######.
 Summon Lightning Spire   Summ/Air       #.......     100%        4    #####..
 Summon Guardian Golem    Hex/Summ       #.......     100%        3    ####...
 Dragon's Call            Summ           #.........   100%        9    #######
 Spellforged Servitor     Conj/Summ      #.........   100%        7    #######
 Summon Mana Viper        Hex/Summ       #.......     100%        5    ######.
 Hydra Form               Tmut           #.........   100%        6    #######
 Irradiate                Conj/Tmut      #.........   100%        5    ######.
 Gell's Gravitas          Tloc           #.........   100%        3    ####...
 Yara's Violent Unravell  Hex/Tmut       #.........   100%        5    ######.
 Infestation              Necr           #.........   100%        8    #######
 Poisonous Vapours        Pois/Air       #.....       100%        2    ###....
 Ignition                 Fire           #.........   100%        8    #######
 Borgnjor's Vile Clutch   Necr/Erth      #.........   100%        5    ######.


Dungeon Overview and Level Annotations

Branches:
Dungeon (1/1)

Altars:
Ashenzari
Cheibriados
Dithmenos
Elyvilon
Fedhas
Gozag
Hepliaklqana
Kikubaaqudgha
Makhleb
Nemelex Xobeh
Okawaru
Qazlal
Ru
Sif Muna
Trog
Uskayaw
Vehumet
Wu Jian
Xom
Yredelemnul
Zin
The Shining One
Beogh
Jiyva
Lugonu


Innate Abilities, Weirdness & Mutations

You are resistant to torment.
Your stone body is resilient. (AC +13)
You are immune to poison.
Your large and strong wings let you fly indefinitely.
You resist negative energy. (rN+)
You are resistant to electric shocks. (rElec)
You can survive without breathing.
You are immune to petrification.
You are immune to rotting.
You have large cloven feet.
Your mind is acute. (Int +2)
Armour fits poorly on your strangely shaped body.
Your magical capacity is low. (-10% MP)
You do not regenerate when monsters are visible.
You are weak. (Str -2)


Message History

Unfortunately, it added no spells to the library.
You see here a cursed -3 ring of evasion.
You see here the +9 whip "Edomink" {venom, rC- rN+++ MP+9 Str+2}.
You see here an uncursed staff of conjuration.
You see here a +1 scale mail of cold resistance.
There is a transporter here.
An exit appears before you!
You enter the transporter and appear at another place.
Found the Orb of Zot.
Found a staircase leading out of the dungeon.
You see here the Orb of Zot.
There is a staircase leading out of the dungeon here.
There is a staircase leading out of the dungeon here.
You see here the Orb of Zot.
You see here the Orb of Zot.
You pick up the Orb of Zot!
The Orb lets out a hideous shriek!
The lords of Pandemonium are not amused.
Beware!
Now all you have to do is get back out of the dungeon!
There is a staircase leading out of the dungeon here.
You have escaped!

............▓.............▓...8©8
............▓))▓)......▓..▓...[|=
............▓).)..........▓..)..=
............▓.[)..........▓......
............▓......©......▓......
............▓▓▓▓▓▓▓▓▓▓▓▓▓▓▓..)...
▓.......▓...▓8888888888888▓......
▓▓.....▓▓▓..▓8...........8▓..▓...
▓.......▓...▓8..@.....©..8▓.▓)...
............▓8...........8▓....©.
....©.......▓8888888888888▓▓▓▓▓▓▓
▓▓▓▓▓▓▓▓▓▓▓▓▓▓▓▓▓▓▓▓▓▓▓▓▓▓▓▓▓▓▓▓▓
.....8©8........▓........8©8.....
[.}).[....})[.[.▓.}"[=))=.}))|})=
...}}[..)..[)[..▓...))[)}|))[|[[.
)}.[...))|.|=|}.▓.).=})}|[.[))[.|
................▓.......|.:|[....


There were no monsters in sight!

Vanquished Creatures
  2 pandemonium lords (D)
  3 orbs of fire (D)
  2 greater mummies (D)
  A bone dragon (D)
  An iron giant (D)
  A tentacled monstrosity (D)
  5 liches (D)
  5 Orb Guardians (D)
  2 acid blobs (D)
  3 tentacled starspawn (D)
  A daeva (D)
  A draconian monk (D)
  2 azure jellies (D)
  A vault warden (D)
  2 orc warlords (D)
  3 fire giants (D)
  11 balrugs (D)
  A deep elf elementalist (D)
  3 reapers (D)
  3 vampire knights (D)
  3 white draconians (D)
  3 black draconians (D)
  6 red draconians (D)
  A blizzard demon (D)
  6 mummy priests (D)
  A fire dragon (D)
  2 death oozes (D)
  4 hydras (D)
  An ice dragon (D)
  3 great orbs of eyes (D)
  3 vault guards (D)
  A catoblepas (D)
  2 two-headed ogres (D)
  4 dancing weapons (D)
  A thrashing horror (D)
  A death scarab (D)
  A vampire mage (D)
  7 hell hogs (D)
  An orc high priest (D)
  A soul eater (D)
  A sun demon (D)
  3 wretched stars (D)
  A sixfirhy (D)
  2 hell knights (D)
  4 skeletal warriors (D)
  3 flayed ghosts (D)
  A glowing orange brain (D)
  6 deep elf archers (D)
  3 necromancers (D)
  2 orc knights (D)
  4 orc sorcerers (D)
  3 deep elf magi (D)
  4 shining eyes (D)
  4 orb spiders (D)
  2 wolf spiders (D)
  2 moths of wrath (D)
  2 draconians (D)
  2 elephants (D)
  4 rust devils (D)
  A cyclops (D)
  An apocalypse crab (D)
  A black mamba (D)
  A vault sentinel (D)
  9 spiny frogs (D)
  An orange demon (D)
  2 smoke demons (D)
  2 komodo dragons (D)
  10 hellions (D)
  A rime drake (D)
  3 efreet (D)
  5 tormentors (D)
  11 guardian mummies (D)
  2 demonic crawlers (D)
  2 ancient zymes (D)
  An ice devil (D)
  3 red devils (D)
  4 merfolk (D)
  4 polar bears (D)
  2 jumping spiders (D)
  2 hornets (D)
  5 raiju (D)
  2 blink frogs (D)
  A dream sheep (D)
  4 slime creatures (D)
  7 hippogriffs (D)
  6 flying skulls (D)
  12 large abominations (D)
  9 ynoxinuls (D)
  4 shadows (D)
  Sigmund (D)
  2 tarantellas (D)
  7 ushabtiu (D)
  A water elemental (D)
  4 redbacks (D)
  A vampire (D)
  7 wraiths (D)
  6 fire elementals (D)
  2 yaks (D)
  3 golden eyes (D)
  4 small abominations (D)
  2 basilisks (D)
  A chaos spawn (D)
  A neqoxec (D)
  Edmund (D)
  An insubstantial wisp (D)
  10 water moccasins (D)
  2 hell hounds (D)
  8 starcursed masses (D)
  Duvessa (D)
  4 necrophages (D)
  2 eyes of draining (D)
  10 orc warriors (D)
  5 ogres (D)
  2 phantoms (D)
  A wolf (D)
  A centaur (D)
  13 crocodiles (D)
  Blork the orc (D)
  Dowan (D)
  7 wights (D)
  2 jellies (D)
  2 quasits (D)
  2 orc priests (D)
  Crazy Yiuf (D)
  7 iron imps (D)
  2 orc wizards (D)
  Jessica (D)
  22 mummies (D)
  2 ufetubi (D)
  2 oozes (D)
  5 adder zombies (D)
  10 adder skeletons (D)
  2 orcs (D)
  A spectral bat (D)
  13 bat skeletons (D)
  8 bat zombies (D)
  2 ball python skeletons (D)
  3 ball python zombies (D)
  4 giant cockroach zombies (D)
  5 jackal skeletons (D)
  5 leopard gecko skeletons (D)
  5 leopard gecko zombies (D)
  5 quokka skeletons (D)
  3 quokka zombies (D)
  A spectral giant cockroach (D)
  6 fire vortices (D)
  10 starspawn tentacles (D)
519 creatures vanquished.

Vanquished Creatures (collateral kills)
  An azure jelly (D)
  A green draconian (D)
  2 death oozes (D)
  3 slime creatures (D)
  An iron golem (D)
  A flayed ghost (D)
  An eye of devastation (D)
  A hellion (D)
  A golden eye (D)
  A fire vortex (D)
  A lurking horror (D)
14 creatures vanquished.

Vanquished Creatures (others)
  4 hell hogs (D)
  2 orc warriors (D)
  A quasit (D)
  A bat skeleton (D)
  A bat zombie (D)
  7 starspawn tentacles (D)
16 creatures vanquished.

Grand Total: 549 creatures vanquished

Notes
Turn   | Place    | Note
-------+----------+-------------------------------------------
     0 | D        | Found the +6 Majin-Bo {vamp, Archmagi MP+6 Int+6}
     0 | D        | Found the +7 great mace "Firestarter" {inner flame, rF++}
     0 | D        | GordonOverkill the Gargoyle Monk began the quest for the Orb.
     0 | D        | Reached XP level 1. HP: 14/14 MP: 1/1
     0 | D        | Found a bloodstained altar of Trog.
     0 | D        | Found a deep blue altar of Sif Muna.
     0 | D        | Found a sacrificial altar of Ru.
     0 | D        | Found a stormy altar of Qazlal.
     0 | D        | Found an iron altar of Okawaru.
     7 | D        | Found a sparkling altar of Nemelex Xobeh.
     8 | D        | Found a burning altar of Makhleb.
     8 | D        | Found a corrupted altar of Lugonu.
     8 | D        | Found an ancient bone altar of Kikubaaqudgha.
     8 | D        | Found a transporter.
    13 | D        | Found a viscous altar of Jiyva.
    15 | D        | Found a hazy altar of Hepliaklqana.
    17 | D        | Found an opulent altar of Gozag.
    18 | D        | Found a blossoming altar of Fedhas.
    37 | D        | Became a worshipper of the Shining One
    37 | D        | Reached * piety under the Shining One
    37 | D        | Reached ** piety under the Shining One
    51 | D        | Reached XP level 2. HP: 26/26 MP: 2/2
    92 | D        | Found the +9 heavy crossbow "Sniper" {velocity, Acc+∞ SInv}
    92 | D        | Found the +10 dark maul {crush}
    92 | D        | Found the +15 Maxwell's patent armour {-Cast -Tele rElec MR+ rCorr}
    92 | D        | Found the +18 shield of the Gong {rElec rN+ MR+ EV-5}
    92 | D        | Found the cursed +14 obsidian axe {chop, +Fly SInv *Curse}
   110 | D        | Entered arena 2.
   110 | D        | Noticed a draconian
   110 | D        | Noticed a draconian
   110 | D        | Found a transporter.
   117 | D        | Killed a draconian
   117 | D        | Reached XP level 3. HP: 34/34 MP: 3/3
   117 | D        | Reached XP level 4. HP: 40/40 MP: 4/4
   117 | D        | Reached XP level 5. HP: 44/44 MP: 5/5
   117 | D        | Reached XP level 6. HP: 49/49 MP: 6/6
   122 | D        | Killed a draconian
   122 | D        | Reached skill level 10 in Axes
   122 | D        | Reached XP level 7. HP: 54/54 MP: 7/7
   210 | D        | Entered arena 3.
   210 | D        | Noticed a slime creature
   210 | D        | Noticed a golden eye
   210 | D        | Found a transporter.
   212 | D        | Killed a golden eye
   212 | D        | Reached XP level 8. HP: 60/60 MP: 8/8
   219 | D        | Killed a slime creature
   321 | D        | Entered arena 4.
   321 | D        | Reached *** piety under the Shining One
   321 | D        | Noticed a cyclops
   321 | D        | Noticed a two-headed ogre
   321 | D        | Found a transporter.
   325 | D        | Killed a two-headed ogre
   325 | D        | Reached XP level 9. HP: 47/64 MP: 9/9
   331 | D        | Killed a cyclops
   589 | D        | Entered arena 5.
   589 | D        | Found a transporter.
   593 | D        | Reached skill level 15 in Axes
   605 | D        | Got the Tome of the Glacial Arsonist
   676 | D        | Entered arena 6.
   676 | D        | Noticed a deep elf archer
   676 | D        | Reached **** piety under the Shining One
   676 | D        | Noticed a mace of protection
   676 | D        | Noticed a deep elf mage
   676 | D        | Noticed a deep elf mage
   676 | D        | Found a transporter.
   681 | D        | Killed a mace of protection
   683 | D        | Killed a deep elf mage
   683 | D        | Reached XP level 10. HP: 65/70 MP: 10/10
   686 | D        | Killed a deep elf archer
   689 | D        | Killed a deep elf mage
   823 | D        | Entered arena 7.
   823 | D        | Reached ***** piety under the Shining One
   824 | D        | Found a transporter.
   850 | D        | Reached skill level 10 in Shields
  1015 | D        | Got Sif Muna's Almanac of Nocuous Stones
  1017 | D        | Entered arena 8.
  1017 | D        | Noticed a vault warden
  1017 | D        | Noticed a deep elf archer
  1017 | D        | Noticed a vault guard
  1017 | D        | Noticed a vault guard
  1017 | D        | Noticed a vault guard
  1017 | D        | Noticed a vault sentinel
  1037 | D        | Killed a vault sentinel
  1043 | D        | Killed a vault guard
  1043 | D        | Reached XP level 11. HP: 26/74 MP: 11/11
  1047 | D        | Killed a vault warden
  1057 | D        | Killed a deep elf archer
  1063 | D        | Killed a vault guard
  1063 | D        | Reached skill level 15 in Shields
  1068 | D        | Killed a vault guard
  1069 | D        | Found a transporter.
  1344 | D        | Learned a level 2 spell: Blink
  1345 | D        | Entered arena 9.
  1345 | D        | Noticed Sigmund
  1345 | D        | Noticed Jessica
  1345 | D        | Noticed Blork the orc
  1345 | D        | Noticed Crazy Yiuf
  1345 | D        | Noticed Dowan
  1345 | D        | Reached ****** piety under the Shining One
  1345 | D        | Noticed Duvessa
  1345 | D        | Noticed Edmund
  1347 | D        | Found a transporter.
  1349 | D        | Killed Jessica
  1350 | D        | Killed Dowan
  1351 | D        | Killed Edmund
  1353 | D        | Killed Duvessa
  1354 | D        | Killed Blork the orc
  1360 | D        | Killed Crazy Yiuf
  1365 | D        | Killed Sigmund
  1390 | D        | Got the cursed ring "Alac" {rF++ EV-5 Str+3}
  1393 | D        | Got the ring of Qec Dai {rPois rF+ MR+ Int-4 Slay+3}
  1407 | D        | Entered arena 10.
  1407 | D        | Noticed a vampiric war axe
  1407 | D        | Noticed a deep elf archer
  1407 | D        | Noticed a deep elf mage
  1407 | D        | Noticed a deep elf archer
  1407 | D        | Noticed a deep elf archer
  1407 | D        | Noticed a deep elf archer
  1407 | D        | Noticed a short sword of speed
  1408 | D        | Found a transporter.
  1409 | D        | Killed a short sword of speed
  1418 | D        | Killed a vampiric war axe
  1418 | D        | Reached skill level 5 in Invocations
  1419 | D        | Killed a deep elf archer
  1422 | D        | Killed a deep elf archer
  1425 | D        | Killed a deep elf archer
  1425 | D        | Reached XP level 12. HP: 63/86 MP: 12/17
  1426 | D        | Reached skill level 15 in Fighting
  1464 | D        | Got the Papyrus of Dusty Feathers
  1466 | D        | Got the Catalogue of Good Luck and the Volcanoes
  1546 | D        | Entered arena 11.
  1547 | D        | Found a transporter.
  1587 | D        | Entered arena 12.
  1587 | D        | Noticed a mummy priest
  1587 | D        | Noticed a mummy priest
  1590 | D        | Noticed a jiangshi
  1595 | D        | Reached skill level 10 in Invocations
  1624 | D        | Killed a mummy priest
  1624 | D        | Noticed a reaper
  1639 | D        | Killed a mummy priest
  1639 | D        | Noticed a soul eater
  1640 | D        | Found a transporter.
  1881 | D        | Entered arena 13.
  1883 | D        | Found the cursed necklace of Bloodlust {*Rage +Rage MR++ Int-3 Slay+6 *Curse}
  1884 | D        | Found a transporter.
  1892 | D        | Reached skill level 5 in Armour
  1913 | D        | Got the ring of the Pharaoh's Fist {Fire rPois rN++ MR- SInv}
  1922 | D        | Got the Catalogue of Poisoning
  1925 | D        | Got the Almanac of Hexes and Changing
  1928 | D        | Entered arena 14.
  1930 | D        | Noticed an ice dragon
  1932 | D        | Found a transporter.
  1944 | D        | Killed an ice dragon
  1947 | D        | Reached skill level 10 in Armour
  1957 | D        | Got the ring of Gep Jis {rF+ Slay+3}
  1963 | D        | Got Gyleifod's Catalogue of Virous Enchantment
  1996 | D        | Entered arena 15.
  1996 | D        | Noticed a vampire knight
  1998 | D        | Noticed a lich
  1999 | D        | Noticed a vampire knight
  2002 | D        | Killed a vampire knight
  2008 | D        | Noticed a hell beast
  2011 | D        | Noticed a hell beast
  2012 | D        | Killed a vampire knight
  2014 | D        | Noticed a lorocyproca
  2018 | D        | Killed a lich
  2018 | D        | Reached XP level 13. HP: 92/92 MP: 22/22
  2020 | D        | Reached skill level 15 in Armour
  2030 | D        | Found a transporter.
  2039 | D        | Entered arena 16.
  2039 | D        | Noticed a vampire knight
  2043 | D        | Reached skill level 5 in Dodging
  2052 | D        | Noticed a jiangshi
  2053 | D        | Killed a vampire knight
  2070 | D        | Noticed a jiangshi
  2080 | D        | Found a transporter.
  2084 | D        | Got the ring of Linearity {rC+ MP+9 Str-4 Int+4 Dex+4}
  2101 | D        | Entered arena 17.
  2106 | D        | Found the +8 glaive of the Guard {elec, +Rage AC+5 SInv}
  2107 | D        | Found a transporter.
  2124 | D        | Got Sif Muna's Collected Works on Virous Good Luck
  2141 | D        | Got the Guide on Scorching Toxins
  2146 | D        | Entered arena 18.
  2151 | D        | Found the +8 longbow "Zephyr" {speed, Dex+3 SInv}
  2151 | D        | Found a transporter.
  2156 | D        | Reached skill level 10 in Dodging
  2187 | D        | Got the cursed +0 pair of gloves of Zupeu {rC+ rN+ Slay+3}
  2219 | D        | Entered arena 19.
  2222 | D        | Noticed a red draconian
  2222 | D        | Noticed a black draconian
  2222 | D        | Noticed a green draconian
  2222 | D        | Noticed a red draconian
  2222 | D        | Noticed a white draconian
  2222 | D        | Noticed an Orb Guardian
  2222 | D        | Noticed a red draconian
  2222 | D        | Noticed a red draconian
  2222 | D        | Noticed a red draconian
  2222 | D        | Noticed an Orb Guardian
  2222 | D        | Noticed an Orb Guardian
  2222 | D        | Noticed a white draconian
  2222 | D        | Noticed a tentacled monstrosity
  2223 | D        | Noticed an Orb Guardian
  2223 | D        | Noticed a black draconian
  2223 | D        | Noticed a red draconian
  2223 | D        | Noticed a green draconian monk
  2223 | D        | Noticed an Orb Guardian
  2232 | D        | Killed an Orb Guardian
  2232 | D        | Killed an Orb Guardian
  2234 | D        | Killed an Orb Guardian
  2234 | D        | Gained mutation: Your large and strong wings let you fly indefinitely. [Gargoyle growth]
  2234 | D        | Reached XP level 14. HP: 99/102 MP: 14/23
  2237 | D        | Killed a green draconian
  2239 | D        | Killed a black draconian
  2242 | D        | Killed a white draconian
  2242 | D        | Killed a red draconian
  2244 | D        | Killed an Orb Guardian
  2245 | D        | Killed a red draconian
  2247 | D        | Killed a tentacled monstrosity
  2248 | D        | Killed an Orb Guardian
  2250 | D        | Noticed a black draconian
  2253 | D        | Killed a white draconian
  2254 | D        | Killed a red draconian
  2254 | D        | Killed a red draconian
  2256 | D        | Killed a green draconian monk
  2258 | D        | Killed a red draconian
  2260 | D        | Killed a black draconian
  2264 | D        | Killed a black draconian
  2271 | D        | Killed a red draconian
  2441 | D        | Found a transporter.
  2451 | D        | Got the ring of Zolyzec {Str+3 Dex+2 Stlth-}
  2462 | D        | Entered arena 20.
  2486 | D        | Noticed an orc warlord
  2487 | D        | Noticed an orc warlord
  2506 | D        | Killed an orc warlord
  2506 | D        | Reached XP level 15. HP: 122/122 MP: 24/24
  2512 | D        | Killed an orc warlord
  2579 | D        | Found a transporter.
  2590 | D        | Got Sif Muna's Volume of Envenoming and Lightness
  2598 | D        | Entered arena 21.
  2606 | D        | Noticed a daeva
  2607 | D        | Found the ring of the Octopus King {rF+ AC+1 EV+1 Str+1 Int+1 Dex+1}
  2607 | D        | Found the +3 robe of Clouds {+Fly rElec}
  2607 | D        | Noticed a tentacled starspawn
  2619 | D        | Noticed a lich
  2621 | D        | Noticed a deep elf elementalist
  2628 | D        | Killed a daeva
  2637 | D        | Killed a deep elf elementalist
  2638 | D        | Killed a lich
  2650 | D        | Killed a tentacled starspawn
  2650 | D        | Reached skill level 27 in Fighting
  2660 | D        | Found a transporter.
  2775 | D        | Got a ring of the Octopus King {rF+ AC+1 EV+1 Str+1 Int+1 Dex+1}
  2777 | D        | Got the amulet of Noon {RegenMP rC- MR++ Dex+4 Stlth+}
  2781 | D        | Got the ring "Qeentoot" {Fire +Inv MP+9 Dex+2 Stlth-}
  2790 | D        | Got the Grimoire of the Harmful Volcanoes
  2808 | D        | Entered arena 22.
  2816 | D        | Noticed an acid blob
  2817 | D        | Noticed an azure jelly
  2817 | D        | Noticed an azure jelly
  2825 | D        | Killed an acid blob
  2833 | D        | Killed an azure jelly
  2834 | D        | Noticed an azure jelly
  2835 | D        | Killed an azure jelly
  2842 | D        | Killed an azure jelly
  2844 | D        | Noticed an acid blob
  2851 | D        | Killed an acid blob
  2853 | D        | Gained mutation: You possess an exceptional clarity of mind. [a shining eye]
  2867 | D        | Found a transporter.
  2912 | D        | Got the Papyrus of Attacks
  2917 | D        | Got the ring "Varalied" {Wiz rN+}
  2925 | D        | Got the Compendium of Dark Rites and Poisoning
  2938 | D        | Entered arena 23.
  2945 | D        | Found the amulet of the Air {Inacc +Fly rElec EV+5 RMsl}
  2945 | D        | Noticed an iron giant
  2946 | D        | Found the amulet of the Four Winds {rN+ MR+++ Clar}
  2947 | D        | Found the +5 pair of quick blades "Gyre" and "Gimble" {pierce, Dex-3}
  2947 | D        | Found a transporter.
  2961 | D        | Killed an iron giant
  2961 | D        | Reached XP level 16. HP: 73/133 MP: 25/25
  3010 | D        | Got the ring "Sijen" {rN+ Slay+2}
  3071 | D        | Entered arena 24.
  3083 | D        | Noticed an orb of fire
  3084 | D        | Noticed an orb of fire
  3084 | D        | Lost mutation: You possess an exceptional clarity of mind. [an orb of fire]
  3087 | D        | Noticed an orb of fire
  3088 | D        | Found the +3 warlock's mirror {reflect}
  3090 | D        | Gained mutation: Your mind is acute. (Int +2) [an orb of fire]
  3101 | D        | Gained mutation: Armour fits poorly on your strangely shaped body. [an orb of fire]
  3103 | D        | Gained mutation: You have large cloven feet. [an orb of fire]
  3106 | D        | Killed an orb of fire
  3106 | D        | Reached skill level 27 in Armour
  3107 | D        | Gained mutation: You do not regenerate when monsters are visible. [an orb of fire]
  3108 | D        | Gained mutation: You are weak. (Str -2) [an orb of fire]
  3113 | D        | Killed an orb of fire
  3113 | D        | Reached skill level 15 in Dodging
  3118 | D        | Gained mutation: Your magical capacity is low. (-10% MP) [an orb of fire]
  3120 | D        | Killed an orb of fire
  3120 | D        | Reached XP level 17. HP: 94/139 MP: 23/23
  3124 | D        | Found a transporter.
  3367 | D        | Got the Almanac of the Puffball
  3387 | D        | Got the Handbook of Transformation
  3410 | D        | Got the Papyrus of Clay and Aid
  3412 | D        | Got Sif Muna's Volume of the Escort and Black Rites
  3424 | D        | Entered arena 25.
  3442 | D        | Noticed a lich
  3443 | D        | Noticed Gueki the pandemonium lord
  3444 | D        | Noticed a tentacled starspawn
  3444 | D        | Noticed a bone dragon
  3446 | D        | Noticed Muisac the pandemonium lord
  3450 | D        | Noticed a tentacled starspawn
  3455 | D        | Killed a lich
  3463 | D        | Killed a tentacled starspawn
  3467 | D        | Paralysed by accursed screaming for 1 turns
  3477 | D        | Paralysed by accursed screaming for 1 turns
  3480 | D        | Killed Gueki the pandemonium lord
  3481 | D        | Killed a bone dragon
  3481 | D        | Killed Muisac the pandemonium lord
  3493 | D        | Killed a tentacled starspawn
  3515 | D        | Got a ring of the Octopus King {MP+9 AC+1 EV+1 Str+1 Int+1 Dex+1}
  3544 | D        | Found the +5 scythe "Finisher" {speed, Str+3}
  3544 | D        | Found the +8 whip "Snakebite" {curare, rPois}
  3544 | D        | Found a transporter.
  3555 | D        | Got the ring "Poxteck" {*Contam rPois Int+4 Stlth+}
  3569 | D        | Found the +2 hat of the Bear Spirit {Spirit, +Rage rN+ MR++}
  3574 | D        | Got the amulet "Curamovu" {Spirit rPois MR+ Str+4}
  3722 | D        | Entered arena 26.
  3748 | D        | Noticed a greater mummy
  3757 | D        | Noticed a lich
  3759 | D        | Noticed a greater mummy
  3768 | D        | Killed a greater mummy
  3777 | D        | Killed a lich
  3814 | D        | Killed a greater mummy
  3814 | D        | Reached XP level 18. HP: 145/145 MP: 24/24
  3846 | D        | Found the +2 robe of Vines {NoPotionHeal Regen+7}
  3846 | D        | Found a transporter.
  3875 | D        | Got the Catalogue of Battle Magic
  3888 | D        | Got the Almanac of the Nocuous Mountains
  3910 | D        | Entered arena 27.
  3919 | D        | Noticed a lich
  3920 | D        | Found the +3 sling "Punk" {acid, rCorr}
  3935 | D        | Killed a lich
  3940 | D        | Reached skill level 27 in Dodging
  3969 | D        | Found a transporter.
  3995 | D        | Got the ring "Hafuts" {rCorr rC+ MR- Int+8 Stlth-}
  4002 | D        | Got the amulet "Oxukh" {Acrobat rElec Str+5 Slay-5}
  4043 | D        | Entered arena 28.
  4160 | D        | Found the ring of Shadows {Umbra +Inv Stlth+}
  4162 | D        | Found a transporter.
  4165 | D        | Got the ring of Pimpioh {rCorr rPois rC- MR++ MP-9}
  4189 | D        | Got the amulet of Faqobuc {Reflect +Fly rN+ Int+2 SH+2 Stlth+}
  4204 | D        | Got A Primer on Thaumaturgy
  4218 | D        | Got the Collected Works on the Escort
  4239 | D        | Got the Orb of Zot
  4244 | D        | Escaped with the Orb!

Vault maps used:
D:        sprint_v

Skill      XL: |  1  2  3  4  5  6  7  8  9 10 11 12 13 14 15 16 17 18 |
---------------+-------------------------------------------------------+-----
Fighting       | 8 11 14 15 17 24 27 | 27.0
Axes           | 7 10 11 13 16 18 22 | 22.6
Shields        | 7 12 15 | 15.5
Invocations    | 7 12 | 12.5
Armour         | 14 15 22 27 | 27.0
Dodging        | 12 18 25 27 | 27.0
Stealth        | |  2.1

Action                   |  1- 3 |  4- 6 |  7- 9 | 10-12 | 13-15 | 16-18 || total
-------------------------+-------+-------+-------+-------+-------+-------++-------
Melee: Broad axe         |     5 |     5 |    24 |   218 |   227 |   301 ||   780
Invok: Divine Shield     |       |       |       |     1 |       |       ||     1
       Summon Divine War |       |       |       |       |     4 |       ||     4
  Use: Potion            |     2 |       |     1 |     3 |     1 |     4 ||    11
       Scroll            |       |       |       |     3 |       |     8 ||    11
  Eat: Chunk             |       |       |       |     4 |     3 |     5 ||    12
Armor: Gold dragon scale |     1 |       |    10 |    67 |    84 |    98 ||   260
Dodge: Dodged            |     3 |     1 |     3 |    17 |    11 |    37 ||    72
Block: Buckler           |       |       |     5 |    27 |       |       ||    32
       Shield            |       |       |       |   173 |   253 |   311 ||   737

Table legend:
 A = Spawn XP
 B = Non-spawn XP
 C = Spawn XP percentage of total XP
 D = Spawn monster count
 E = Non-spawn monster count
 F = Spawn count percentage of total count
 G = Total turns spent on level
                    A         B        C        D         E        F      G
               +---------+---------+-------+---------+---------+-------+---------
         Total |       0 |  290545 |   0.0 |       0 |     519 |   0.0 |  4244
               +---------+---------+-------+---------+---------+-------+---------
             D |       0 |  290545 |   0.0 |       0 |     519 |   0.0 |  4244
               +---------+---------+-------+---------+---------+-------+---------
